Map: Terraform LE (Void)

Players

Daddy

  • Race: Zerg Zerg
  • League: Bronze

SticklerMac - Winner!

  • Race: Terran Terran
  • League: Bronze

VOD

Have the link to the VOD?

Description

Time

  • Played on: July 28, 2015, 4:51 p.m.
  • Length: 4:35
Show
View Real Time Build Order
Export as new Build Order

Daddy Zerg 

Build Orders: Hatch First 

Get SALT Encoding   

  12  0:02  Drone  
  13  0:13  Overlord  
  13  0:26  Drone  
  14  0:32  Extractor  
  14  0:33  Drone x2  
  15  0:39  Drone  
  17  0:49  Drone  
  18  1:01  Hatchery, Drone  
  18  1:17  Spawning Pool  
  17  1:21  Extractor  
  17  1:24  Drone x2  
  18  1:36  Overlord  
  18  1:46  Drone  
  19  1:58  Drone  
  20  2:05  Queen  
  20  2:08  Overlord  
  22  2:15  Queen  
  24  2:17  Drone x2  
  24  2:22  Metabolic Boost  
  26  2:26  Zergling x2  
  26  2:27  Zergling x2  
  28  3:00  Zergling x4  
  28  3:01  Zergling x8  
  34  3:13  Overlord x2  
  33  3:42  Drone x5  
  33  3:43  Drone x4  
  42  3:58  Baneling Nest  
  36  4:13  Zergling x6  
  36  4:14  Zergling x2  
Show
View Real Time Build Order
Export as new Build Order

SticklerMac Terran - Winner!

Build Orders:  

Get SALT Encoding   

  12  0:01  SCV  
  13  0:13  SCV  
  14  0:17  Supply Depot  
  14  0:26  SCV  
  15  0:41  SCV, Barracks  
  16  0:54  SCV, Barracks  
  17  1:06  SCV  
  18  1:12  Barracks  
  18  1:18  SCV  
  19  1:28  Marine  
  19  1:30  Barracks  
  20  1:38  SCV  
  21  1:41  Marine  
  21  1:45  Supply Depot  
  21  1:46  Marine  
  23  1:54  Supply Depot  
  23  2:04  Supply Depot  
  23  2:06  Marine x2  
  23  2:07  Marine  
  26  2:14  Supply Depot  
  26  2:17  Marine  
  27  2:24  Marine  
  27  2:25  Marine  
  27  2:26  Marine  
  30  2:36  Marine  
  31  2:42  Marine  
  31  2:43  Marine  
  31  2:44  Marine  
  34  2:53  Marine  
  34  3:00  Marine  
  34  3:01  Marine x2  
  37  3:11  Marine  
  38  3:18  Marine  
  38  3:19  Marine x2  
  38  3:38  Marine  
  38  3:39  Marine x3  
  42  3:56  Marine x2  
  42  3:57  Marine x2  
  43  4:14  Marine x3  
  43  4:15  Marine  
Tags
 
Add a new tag
Caveats
  • Supply blocks, unpowered buildings, or Contaminate may cause inaccurate times.
  • Supply counts are checked every 10 seconds.